 Dungeon Crawl Stone Soup version 0.29-a0-323-g050149af67 (webtiles) character file.

Game seed: 7080243702907997555

1717 Ajdolov the Grappler (level 9, -2/79 HPs)
             Began as a Ghoul Monk on Apr 10, 2022.
             Was a Believer of Makhleb.
             Slain by a cyclops (18 damage)
             ... on level 6 of the Dungeon.
             The game lasted 00:14:48 (5936 turns).

Ajdolov the Grappler (Ghoul Monk)                   Turns: 5936, Time: 00:14:49

Health: -2/79      AC:  9    Str: 19    XL:     9   Next: 4%
Magic:  11/11      EV:  7    Int:  5    God:    Makhleb [**....]
Gold:   332        SH:  0    Dex: 11    Spells: 8/8 levels left

rFire   . . .      SeeInvis .     - Unarmed
rCold   + . .      Faith    .   (no shield)
rNeg    + + +      Spirit   .   h - +0 chain mail
rPois   ∞          Reflect  .   q - +0 helmet
rElec   .          Harm     .   (no cloak)
rCorr   .          Rampage  .   (no gloves)
Will    .....                   (no boots)
Stlth   ..........              (no amulet)
HPRegen 0.00/turn               (no ring)
MPRegen 0.12/turn               (no ring)

@: inhibited regen
A: claws 1, cold resistance 1, negative energy resistance 3, inhibited
regeneration, torment resistance 2, devour on kill
a: Renounce Religion, Minor Destruction


You were on level 6 of the Dungeon.
You worshipped Makhleb.
Makhleb was pleased with you.
You visited 2 branches of the dungeon, and saw 7 of its levels.

You collected 332 gold pieces.

Inventory:

Armour
 h - a +0 chain mail (worn)
 q - a +0 helmet (worn)
Jewellery
 y - an amulet of reflection
Wands
 z - a wand of mindburst (6)
Scrolls
 d - 3 scrolls of teleportation
 g - a scroll of silence {unknown}
 i - a scroll of holy word {unknown}
 j - 6 scrolls of identify {unknown}
 k - 2 scrolls of immolation {unknown}
 l - a scroll of amnesia {unknown}
 m - a scroll of enchant armour {unknown}
 o - a scroll of fog {unknown}
 r - a scroll of vulnerability {unknown}
 s - a scroll of enchant weapon {unknown}
Potions
 a - a potion of haste {unknown}
 b - a potion of lignification {unknown}
 c - 5 potions of brilliance {unknown}
 e - 3 potions of curing {unknown}
 f - 2 potions of might {unknown}
 n - a potion of magic {unknown}
 p - 2 potions of attraction {unknown}
 t - a potion of flight {unknown}
 u - a potion of cancellation {unknown}
 v - a potion of ambrosia
 w - a potion of invisibility {unknown}
 x - a potion of berserk rage {unknown}
 A - a potion of degeneration {unknown}


   Skills:
 + Level 7.3 Fighting
 - Level 2.6 Dodging
 - Level 2.1 Stealth
 * Level 9.9 Unarmed Combat
 + Level 4.4 Invocations


You had 8 spell levels left.
You didn't know any spells.
Your spell library contained the following spells:

 Spells                   Type           Power      Damage    Failure   Level
 Sandblast                Erth           0%         2d4       100%        1
 Passwall                 Tmut/Erth      0%         N/A       100%        2
 Ozocubu's Armour         Ice            0%         N/A       100%        3
 Stone Arrow              Conj/Erth      0%         3d7       100%        3
 Vampiric Draining        Necr           0%         2d6       100%        3
 Animate Dead             Necr           0%         N/A       100%        4
 Hailstorm                Conj/Ice       0%         3d3       100%        4
 Alistair's Intoxication  Tmut/Pois      0%         N/A       100%        5
 Borgnjor's Vile Clutch   Necr/Erth      0%         N/A       100%        5
 Eringya's Noxious Bog    Tmut/Pois      0%         N/A       100%        6


Dungeon Overview and Level Annotations

Branches:
Dungeon (6/15)             Temple (1/1) D:4

Altars:
Ashenzari
Cheibriados
Hepliaklqana
Makhleb
Nemelex Xobeh
Qazlal
Trog
Uskayaw
Wu Jian
Xom
Lugonu

Shops:
D:2 ((**

Annotations:
D:4 2 transporters


Innate Abilities, Weirdness & Mutations

You are immune to poison.
You have sharp fingernails.
Your flesh is cold resistant. (rC+)
You are immune to negative energy. (rN+++)
You do not regenerate when monsters are visible.
You are immune to unholy pain and torment.
You thrive by killing the living.


Message History

You kill the orc!
Makhleb accepts your kill.
You feel better.
You claw the bullfrog!
The bullfrog is almost dead.
The bullfrog hits you but does no damage.
The bullfrog barely misses you.
You barely miss the bullfrog.
The bullfrog is severely wounded.
The bullfrog barely misses you.
You scratch the bullfrog.
The bullfrog is almost dead.
The orc barely misses you. x2; The bullfrog hits you.
You scratch the bullfrog.
You kill the bullfrog!
Makhleb accepts your kill.
You feel better. The orc hits you with a +0 dagger.
The orc hits you but does no damage.
You mangle the orc!!
You kill the orc!
Makhleb accepts your kill.
You feel better. The orc hits you with a +0 dagger. The orc barely misses you.
You claw the orc!
You kill the orc!
Makhleb accepts your kill.
You feel better. The orc hits you with a +0 dagger.
You claw the orc!
You kill the orc!
Makhleb accepts your kill.
You feel better.
No target in view!
No target in view!
HP restored.
A cyclops is nearby!
The cyclops throws a large rock.
The large rock hits you!!!
Items here: $ )) [ †.
The cyclops hits you!!
* * * LOW HITPOINT WARNING * * *
You barely miss the cyclops. The cyclops hits you!!
You die...

..........#..........###.###.....
..........##.....###.##..........
..........# ...##........###.....
..........##...#...#.##..#.......
...........###..#.# ##..........
.......$....# #.#.####.....#.....
............# #.#.))#............
..............#.#.)....#.........
...............C@.#...##....##...
.#.$.............###..##......
##...................# .......
#.#.......................)..
####.............##..........
#............###.......
.........# .<##.#. .......... ...
## .... ....


You could see a cyclops.

Vanquished Creatures
  Sigmund (D:3)
  A shadow (D:6)
  Eustachio (D:6)
  Duvessa (D:5)
  An ice beast (D:5)
  A sky beast (D:6)
  A phantom (D:5)
  A wyvern zombie (D:6)
  A bullfrog (D:6)
  2 scorpions
  A necrophage (D:5)
  Dowan (D:5)
  3 hounds
  2 iguanas
  Jessica (D:2)
  2 orc wizards
  A killer bee zombie (D:6)
  8 gnolls
  9 adders
  2 worms
  4 dart slugs
  9 orcs
  6 ball pythons
  10 bats
  7 endoplasms
  4 giant cockroaches
  10 hobgoblins
  6 jackals
  8 kobolds
  7 quokkas
  A frilled lizard (D:3)
  11 goblins
  3 rats
127 creatures vanquished.

Vanquished Creatures (others)
  2 plants (D:1)
2 creatures vanquished.

Grand Total: 129 creatures vanquished

Notes
Turn   | Place    | Note
-------+----------+-------------------------------------------
     0 | D:1      | Ajdolov the Ghoul Monk began the quest for the Orb.
     0 | D:1      | Reached XP level 1. HP: 19/19 MP: 0/0
     3 | D:1      | Noticed an electric eel
     4 | D:1      | Noticed an electric eel
    64 | D:1      | Reached XP level 2. HP: 26/26 MP: 1/1
    86 | D:1      | Reached skill level 4 in Unarmed Combat
   303 | D:1      | Reached XP level 3. HP: 33/33 MP: 2/2
   701 | D:1      | Found a faded altar of an unknown god.
   860 | D:2      | Found Joimuot's Weapon Emporium.
   994 | D:2      | Reached XP level 4. HP: 40/40 MP: 3/3
  1082 | D:2      | Found Yrata Okk's Assorted Antiques.
  1086 | D:2      | Found Umpoklul's General Store.
  1166 | D:2      | Found Egriox's Weapon Shop.
  1193 | D:2      | Reached skill level 5 in Unarmed Combat
  1486 | D:2      | Reached XP level 5. HP: 47/47 MP: 4/4
  1550 | D:2      | Noticed Jessica
  1555 | D:2      | Killed Jessica
  2313 | D:3      | Reached skill level 6 in Unarmed Combat
  2350 | D:3      | Noticed Sigmund
  2366 | D:3      | Killed Sigmund
  2367 | D:3      | Reached skill level 5 in Fighting
  2367 | D:3      | Reached XP level 6. HP: 41/56 MP: 5/5
  2699 | D:3      | Reached skill level 7 in Unarmed Combat
  3218 | D:4      | Reached XP level 7. HP: 57/61 MP: 6/6
  3444 | D:4      | Found a staircase to the Ecumenical Temple.
  3548 | Temple   | Entered the Ecumenical Temple
  3600 | Temple   | Became a worshipper of Makhleb the Destroyer
  3600 | Temple   | Reached * piety under Makhleb
  3600 | Temple   | Reached ** piety under Makhleb
  3625 | D:4      | Found a transporter.
  3698 | D:4      | Found a sparkling altar of Nemelex Xobeh.
  3715 | D:4      | Found a transporter.
  4152 | D:5      | Entered Level 5 of the Dungeon
  4265 | D:5      | Noticed Dowan
  4266 | D:5      | Noticed Duvessa
  4283 | D:5      | Reached skill level 1 in Invocations
  4288 | D:5      | Killed Duvessa
  4303 | D:5      | Killed Dowan
  4304 | D:5      | Reached skill level 8 in Unarmed Combat
  4457 | D:5      | Got the Compendium of Evil Secrets and the Frostbite
  4706 | D:5      | Reached XP level 8. HP: 67/70 MP: 8/8
  5302 | D:6      | Reached skill level 9 in Unarmed Combat
  5447 | D:6      | Noticed Eustachio
  5466 | D:6      | Killed Eustachio
  5611 | D:6      | Noticed a shadow
  5613 | D:6      | Noticed a cyclops
  5645 | D:6      | Killed a shadow
  5914 | D:6      | Reached XP level 9. HP: 66/79 MP: 11/11
  5936 | D:6      | Slain by a cyclops

Illustrated notes

Levels and vault maps discovered:
D:1:      arrival_aquarium_b, layout_loops_ring,
          shapermc_ecumenical_altar_mp_ritualfount
D:2:      layout_loops_corners, serial_shops, shop_statue,
          nicolae_shop_bloodbath_and_beyond, nicolae_square_shop, shop,
          chequers_serial_rivers_micro_c, uniq_jessica
D:3:      cheibrodos_greedy_goblins, layout_basic, minivault_27,
          minmay_misc_feat_four_crosses, uniq_sigmund
D:4:      gammafunk_steamed_eel, layout_basic, general_overflow_altar,
          minmay_temple_entry_sparse_star, amcnicky_mini_rare_corridor_liquid
D:5:      layout_cave_pods, uniq_duvessa
D:6:      layout_cave_pools, nicolae_yredelemnul_corpse_copse,
          chequers_hall_statues_corner_a, uniq_eustachio,
          uniq_crazy_yiuf_cottage
Temple:   corrupted_temple

Skill      XL: |  1  2  3  4  5  6  7  8 |
---------------+-------------------------+-----
Unarmed Combat | 4 5 6 7 8 9 |  9.9
Fighting       | 4 5 6 7 |  7.3
Invocations    | 2 4 |  4.4
Dodging        | |  2.6
Stealth        | |  2.1

Action                   |  1- 3 |  4- 6 |  7- 9 || total
-------------------------+-------+-------+-------++-------
Melee: Unarmed           |    81 |   174 |   178 ||   433
       Punch             |       |     5 |     6 ||    11
Invok: Minor Destruction |       |       |     1 ||     1
  Use: Scroll            |       |       |     1 ||     1
       Potion            |       |       |     1 ||     1
 Stab: Sleeping          |     2 |       |       ||     2
Armor: Robe              |    11 |       |       ||    11
       Ring mail         |    13 |    32 |       ||    45
       Chain mail        |       |    28 |   106 ||   134
Dodge: Dodged            |    61 |    71 |    92 ||   224

Table legend: (Time is in decaauts)
 A = Elapsed time spent in this place.
 B = Non-inter-level travel time spent in this place.
 C = Inter-level travel time spent in this place.
 D = Time resting spent in this place.
 E = Time spent auto-exploring this place.
 F = Levels seen in this place.
 G = Mean time per level.
                   A        B        C        D        E       F      G
               +--------+--------+--------+--------+--------+-----+--------+
         Total |   5884 |   5667 |    217 |    279 |   4342 |   7 |  840.6 |
       Dungeon |   5815 |   5613 |    202 |    279 |   4328 |   6 |  969.2 |
        Temple |     68 |     53 |     15 |      0 |     14 |   1 |   68.0 |
               +--------+--------+--------+--------+--------+-----+--------+

Top non-repeatable levels by time:
     D:2: 1367 daAuts
     D:5: 1156 daAuts
     D:3: 931 daAuts
     D:4: 897 daAuts
     D:1: 855 daAuts
     D:6: 606 daAuts
  Temple: 68 daAuts
